 Dungeon Crawl Stone Soup version 0.25-b1-39-g0d900dab71 (webtiles) character file.

Game seed: 3206052898161187626

25 Esekla the Skirmisher (level 3, -1/30 HPs)
             Began as a Formicid Abyssal Knight on June 7, 2020.
             Was a Follower of Lugonu.
             Slain by a worm (9 damage)
             ... on level 2 of the Dungeon.
             The game lasted 00:07:46 (1388 turns).

Esekla the Skirmisher (Formicid Abyssal Knight)     Turns: 1388, Time: 00:07:46

Health: -1/30      AC:  3    Str: 16      XL:     3   Next: 17%
Magic:  4/4        EV: 11    Int: 11      God:    Lugonu [*.....]
Gold:   155        SH:  0    Dex: 10 (11) Spells: 2/2 levels left

rFire    . . .     SeeInvis +   a - +1 falchion
rCold    . . .     Gourm    .   (no shield)
rNeg     . . .     Faith    .   b - +0 leather armour
rPois    .         Spirit   .   (helmet unavailable)
rElec    .         Reflect  .   (no cloak)
rCorr    .         Harm     .   (no gloves)
MR       .....                  (no boots)
Stlth    +.........             (no amulet)
HPRegen  0.10/turn              (no ring)
MPRegen  0.09/turn              (no ring)

@: no status effects
A: permanent stasis, dig shafts and tunnels, four strong arms, antennae 3
a: Dig, Shaft Self, Depart the Abyss, Renounce Religion


You were on level 2 of the Dungeon.
You worshipped Lugonu.
Lugonu was aware of your devotion.
You were hungry.

You visited 1 branch of the dungeon, and saw 2 of its levels.
You visited the Abyss 1 time.

You collected 155 gold pieces.

Inventory:

Hand Weapons
 a - a +1 falchion (weapon)
 i - a +2 dagger of holy wrath
Armour
 b - a +0 leather armour (worn)
Scrolls
 d - 3 scrolls of remove curse {unknown}
 e - a scroll of blinking {unknown}
 f - 3 scrolls of identify {unknown}
 g - a scroll of summoning {unknown}
 j - a scroll of enchant weapon {unknown}
 k - a scroll of teleportation {unknown}
Potions
 h - a potion of mutation {unknown}
 l - a potion of brilliance {unknown}
 m - 2 potions of heal wounds {unknown}
Comestibles
 c - 4 rations


   Skills:
 + Level 3.7 Fighting
 + Level 2.6 Long Blades
 + Level 2.4 Armour
 + Level 1.2 Dodging
 + Level 2.2 Invocations


You had 2 spell levels left.
You didn't know any spells.
Your spell library was empty.

Dungeon Overview and Level Annotations

Branches:
Dungeon (2/15)

Altars:


Innate Abilities, Weirdness & Mutations

You cannot be hasted, slowed, berserked, paralysed or teleported.
You can dig through walls and to a lower floor.
Your four strong arms can wield two-handed weapons with a shield.
You have a pair of large antennae on your head. (SInv)


Message History

You eat the chunk of flesh.
This raw flesh tastes terrible.
You are feeling hungry.
You hit the worm.
The worm is lightly wounded.
The worm bites you!
You completely miss the worm.
The worm is lightly wounded.
You slash the worm!
The worm is heavily wounded.
The worm closely misses you.
You slash the worm!
The worm is almost dead.
The worm bites you!
* * * LOW HITPOINT WARNING * * *
You hit the worm.
The worm is almost dead.
You barely miss the worm.
The worm is almost dead.
The worm bites you!
You die...

#.##.##.#
#.##....#
#.#####.#
#.##....#
#...<...#
####.####
#.# #.#
#@# #w#
#.# #.#
#...w....
##..l....
..#####
..# ..#


You could see a worm.

Vanquished Creatures
  3 bats (D:1)
  2 giant cockroaches (D:1)
  2 goblins
  4 hobgoblins (D:1)
  4 kobolds (D:1)
  3 frilled lizards
  7 rats (D:1)
25 creatures vanquished.

Notes
Turn   | Place    | Note
-------+----------+-------------------------------------------
     0 | Abyss:1  | Esekla the Formicid Abyssal Knight began the quest for the
                  | Orb.
     0 | Abyss:1  | Reached XP level 1. HP: 18/18 MP: 2/2
    76 | Abyss:1  | Noticed a ynoxinul
    76 | Abyss:1  | Noticed a small abomination
   121 | Abyss:2  | Noticed a ynoxinul
   143 | Abyss:2  | Noticed a quasit
   168 | Abyss:3  | Noticed a crimson imp
   169 | Abyss:3  | Noticed a jelly
   176 | Abyss:3  | Noticed a small abomination
   180 | Abyss:4  | Noticed a small abomination
   180 | Abyss:4  | Noticed a yellow draconian
   181 | D:1      | Escaped the Abyss
   304 | D:1      | Reached * piety under Lugonu
   312 | D:1      | Reached XP level 2. HP: 13/24 MP: 3/3
   863 | D:1      | Reached skill level 1 in Dodging
   914 | D:1      | Reached XP level 3. HP: 27/30 MP: 4/4
  1388 | D:2      | Slain by a worm

Illustrated notes

Levels and vault maps discovered:
D:1:      dpeg_arrival_three_same_balls, layout_basic
D:2:      layout_loops_cross, lemuel_doored_altar, minmay_door_square,
          nicolae_gozag_cash_rules_everything_around_me

Skill      XL: |  1  2 |
---------------+-------+-----
Dodging        | 1 |  1.2
Fighting       | |  3.7
Long Blades    | |  2.6
Armour         | |  2.4
Invocations    | |  2.2

Action                   || total
-------------------------++-------
Melee: Falchion          ||    84
Invok: Depart the Abyss  ||     1
  Eat: Chunk             ||     1
Armor: Leather armour    ||    35
Dodge: Dodged            ||    51
       Rpst.: Falchion   ||    18
